 Dungeon Crawl Stone Soup version 0.22.1-2-g9c5b331383 (webtiles) character file.

8540 Marnok the Blocker (level 11, -3/97 HPs)
             Began as a Minotaur Fighter on Nov 23, 2018.
             Slain by a killer bee (9 damage)
             ... on level 11 of the Dungeon.
             The game lasted 00:59:41 (8291 turns).

Marnok the Blocker (Minotaur Fighter)               Turns: 8291, Time: 00:59:41

Health: -3/97      AC: 10    Str: 24    XL:     11   Next: 11%
Magic:  0/8        EV: 13    Int:  5    God:
Gold:   543        SH: 12    Dex: 10    Spells: 10/10 levels left

rFire    . . .     SeeInvis .   q - +3 flail (holy)
rCold    . . .     Gourm    .   c - +0 shield
rNeg     . . .     Faith    .   y - +2 troll leather armour {Purgy}
rPois    .         Spirit   .   (helmet restricted)
rElec    .         Reflect  .   (no cloak)
rCorr    .         Harm     .   o - +0 pair of gloves
MR       .....                  (no boots)
Stlth    ++........             (no amulet)
HPRegen  0.66/turn              I - ring of flight
MPRegen  0.11/turn              (no ring)

@: lethally poisoned (-3 -> -4), about to teleport
A: retaliatory headbutt, horns 2, yellow scales 1, low mp 1
a: Evoke Flight


You were on level 11 of the Dungeon.
You were not hungry.

You visited 1 branch of the dungeon, and saw 11 of its levels.
You also visited: Sewer.

You collected 591 gold pieces.
You spent 48 gold pieces at shops.

Inventory:

Hand Weapons
 a - a +0 shortbow of flaming
 i - a +1 battleaxe of venom
 j - a +0 blowgun
 q - a +3 flail of holy wrath (weapon)
 v - the +1 long sword of Discomfort {speed, -Tele rElec rC+++ MP-9}
   (You found it on level 6 of the Dungeon)

   Attacks with this weapon are significantly faster.
   It renders you almost immune to cold.
   It insulates you from electricity.
   It affects your magic capacity (-9).
   It prevents most forms of teleportation.
 K - a +0 hunting sling of velocity
 R - the cursed +0 double sword of Compound Interest {slice, -Tele rPois Int+8}
   (You found it on level 8 of the Dungeon)

   It inflicts extra damage upon your enemies.
   It affects your intelligence (+8).
   It protects you from poison.
   It prevents most forms of teleportation.
   It has a curse placed upon it.
Missiles
 e - 100 sling bullets
 g - 34 tomahawks (quivered)
 x - 41 poisoned needles
Armour
 b - a +0 scale mail
 c - a +0 shield (worn)
 o - a +0 pair of gloves (worn)
 t - a +0 robe
 y - a +2 troll leather armour (worn) {Purgy}
Jewellery
 I - a ring of flight (left hand)
Wands
 n - a wand of disintegration (20)
 u - a wand of scattershot (4)
 B - a wand of digging (35)
Scrolls
 f - 2 scrolls of fear
 h - 5 scrolls of teleportation
 r - 2 scrolls of fog
 w - a scroll of amnesia
 D - 2 scrolls of remove curse
 Q - a scroll of summoning
 S - a scroll of brand weapon
Potions
 d - a potion of haste
 p - a potion of might
 z - 3 potions of agility
 J - a potion of flight
Comestibles
 k - 5 chunks of flesh
 m - 11 rations


   Skills:
 + Level 9.3 Fighting
   Level 1.4(5.7) Short Blades
 + Level 9.6 Long Blades
 + Level 7.4(8.1) Axes
 + Level 4.9(6.9) Maces & Flails
 + Level 7.5 Armour
 + Level 6.0 Dodging
 + Level 2.3 Stealth
 + Level 9.8 Shields


You had 10 spell levels left.
You didn't know any spells.
Your spell library contained the following spells:

 Spells                   Type           Power        Failure   Level  Hunger
 Summon Small Mammal      Summ           #...         75%         1    ##.....
 Call Imp                 Summ           #.......     87%         2    ###....
 Call Canine Familiar     Summ           #.......     98%         3    ####...
 Summon Guardian Golem    Hex/Summ       #.......     98%         3    ####...
 Summon Ice Beast         Ice/Summ       #.......     100%        4    #####..
 Summon Lightning Spire   Summ/Air       #.......     100%        4    #####..


Dungeon Overview and Level Annotations

Branches:
Dungeon (11/15)            Temple (0/1) D:5
   Lair: D:8-11         Orc: D:9-12

Altars:
Gozag
Makhleb
Trog
Uskayaw
Vehumet
Xom
Yredelemnul
Zin
The Shining One

Shops:
D:4 [   D:6 (   D:7 *=!%(   D:9 (


Innate Abilities, Weirdness & Mutations

You reflexively headbutt those who attack you in melee.
You have a pair of horns on your head.
You are partially covered in yellow scales. (AC +2)
Your magical capacity is low. (-10% MP)


Message History

Something smites you!
* * * LOW HITPOINT WARNING * * *
The meliai mumbles some strange prayers to its god against you.
Something smites you!
* * * LOW HITPOINT WARNING * * *
You feel sick.
The cyan ugly thing gurgles horribly!
You block the meliai's attack. The meliai stings you!
* * * LOW HITPOINT WARNING * * *
You block the killer bee's attack. You block the meliai's attack.
The meliai barely misses you.
Wield which item (- for none, * to show all)? (? for menu, Esc to quit)
Your +3 flail of holy wrath softly glows with a divine radiance!
q - a +3 flail of holy wrath (weapon)
You block the killer bee's attack. x2
As you read the scroll of teleportation, it crumbles to dust.
You feel strangely unstable. The meliai hits you with a war axe.
* * * LOW HITPOINT WARNING * * *
The meliai barely misses you. The killer bee stings you!
You die...

....# #.#...+ #.#
.#......###.#..#####.#
u...#....#.#.........#
....##....#.#....(...#
.#
#.....#..#.#........#
...
##...#.#..#.........#
#..#.
#.....#.#.######.#
#...###y...#.#.# #.#
#.†#y@..))#..# #.#
#(..y##.#.#.# .#
#..#..#..###.#
#...###...#. #(. #..#.
..#####.... ... #
...## ..... .# %##
...... .##+##


You could see a meliai and 2 killer bees.

Vanquished Creatures
  A centaur warrior (D:10)
  Pikel (D:9)
  Joseph (D:9)
  A komodo dragon (D:11)
  A troll (D:9)
  3 hippogriffs
  A wyvern (D:11)
  A human (D:8)
  2 hungry ghosts
  Purgy (Sewer)
  4 orc warriors
  A black bear (D:6)
  A phantom (D:6)
  A necrophage (D:11)
  2 ice beasts
  4 ogres
  4 sky beasts
  An eye of draining (D:9)
  3 centaurs
  2 big kobolds
  5 bullfrogs
  A wyvern skeleton (D:11)
  3 scorpions
  22 killer bees
  8 wights
  7 howler monkeys
  3 crimson imps
  A centaur zombie (D:9)
  2 bullfrog skeletons
  9 hounds
  3 jellies (D:9)
  4 orc priests (D:7)
  2 bullfrog zombies
  Jessica (D:2)
  A centaur skeleton (D:6)
  4 iguanas
  12 worker ants
  5 orc wizards
  A killer bee zombie (D:8)
  A hound zombie (D:6)
  A hound skeleton (D:8)
  3 gnolls (D:3)
  A howler monkey skeleton (D:8)
  5 adders
  3 oozes (D:2)
  5 worms
  A dart slug (D:2)
  5 leopard geckos
  40 orcs
  5 giant cockroaches
  9 goblins
  7 hobgoblins
  3 jackals (D:5)
  15 kobolds
  2 quokkas
  3 ball pythons
  7 bats
  2 frilled lizards
  A giant cockroach zombie (D:5)
  A jackal skeleton (D:6)
  A quokka zombie (D:9)
  8 rats
259 creatures vanquished.

Vanquished Creatures (others)
  A slave (D:9)
  A scorpion (D:9)
  A fungus (D:11)
3 creatures vanquished.

Grand Total: 262 creatures vanquished

Notes
Turn   | Place    | Note
-------+----------+-------------------------------------------
     0 | D:1      | Marnok the Minotaur Fighter began the quest for the Orb.
     0 | D:1      | Reached XP level 1. HP: 19/19 MP: 0/0
   215 | D:1      | Reached XP level 2. HP: 24/27 MP: 1/1
   752 | D:2      | Reached XP level 3. HP: 27/33 MP: 2/2
  1051 | D:3      | Reached XP level 4. HP: 41/41 MP: 3/3
  1429 | D:3      | Reached skill level 1 in Dodging
  1429 | D:3      | Reached XP level 5. HP: 13/47 MP: 4/4
  1782 | D:2      | Noticed Jessica
  1787 | D:2      | Killed Jessica
  2582 | D:4      | Found Ager's Antique Armour Shoppe.
  2616 | D:4      | Gained mutation: Your magical capacity is low. (-10% MP)
                  | [potion of mutation]
  2616 | D:4      | Gained mutation: You are partially covered in yellow
                  | scales. (AC +2) [potion of mutation]
  2618 | D:4      | HP: 1/47 [howler monkey (6)]
  2622 | D:4      | Reached skill level 5 in Armour
  2622 | D:4      | Reached XP level 6. HP: 3/55 MP: 4/4
  2623 | D:4      | Reached skill level 5 in Shields
  3058 | D:5      | Entered Level 5 of the Dungeon
  3062 | D:5      | Reached skill level 5 in Fighting
  3105 | D:4      | Reached skill level 5 in Axes
  3112 | D:4      | Found a glowing golden altar of the Shining One.
  3122 | D:4      | Found an opulent altar of Gozag.
  3124 | D:4      | Found a glowing silver altar of Zin.
  3146 | D:4      | Found a burning altar of Makhleb.
  3146 | D:4      | Found a shimmering altar of Xom.
  3314 | D:4      | Found a hide-covered altar of Uskayaw.
  3318 | D:4      | Found a radiant altar of Vehumet.
  3445 | D:5      | Noticed a sky beast
  3451 | D:5      | Reached XP level 7. HP: 45/61 MP: 5/5
  3458 | D:5      | Reached skill level 1 in Stealth
  3616 | D:6      | Noticed a hippogriff
  3629 | D:6      | Killed a hippogriff
  3629 | D:6      | Reached XP level 8. HP: 26/70 MP: 6/6
  3888 | D:6      | Reached skill level 1 in Maces & Flails
  3896 | D:6      | Found Rotan's Weapon Shoppe.
  3981 | D:6      | Got a translucent long sword
  3996 | D:6      | Found a glowing drain.
  4003 | Sewer    | Entered a sewer
  4062 | Sewer    | Identified the cursed +1 long sword of Discomfort {speed,
                  | -Tele rElec rC+++ MP-9} (You found it on level 6 of the
                  | Dungeon)
  4114 | Sewer    | Noticed Purgy
  4119 | Sewer    | Killed Purgy
  4371 | D:6      | Found a bloodstained altar of Trog.
  4495 | D:5      | Reached skill level 1 in Long Blades
  4692 | D:5      | Found a staircase to the Ecumenical Temple.
  4695 | D:5      | Found a faded altar of an unknown god.
  5043 | D:6      | Reached XP level 9. HP: 76/77 MP: 1/7
  5509 | D:9      | Noticed a troll
  5687 | D:8      | Got a warped double sword
  6054 | D:7      | Found Ejoapn's Food Shoppe.
  6068 | D:7      | Reached skill level 1 in Short Blades
  6108 | D:7      | Found Idoening's General Store.
  6116 | D:7      | Bought a scroll of remove curse for 48 gold pieces
  6169 | D:7      | Found Heahoil's Distillery.
  6229 | D:7      | Found Unan's Antique Weapon Shop.
  6233 | D:7      | Reached skill level 5 in Long Blades
  6418 | D:8      | Reached skill level 5 in Dodging
  6615 | D:8      | Reached XP level 10. HP: 82/88 MP: 0/8
  6782 | D:7      | Found Xytattiest's Jewellery Shoppe.
  7260 | D:9      | Noticed Pikel
  7277 | D:9      | Killed Pikel
  7283 | D:10     | Entered Level 10 of the Dungeon
  7284 | D:10     | Noticed a centaur warrior
  7302 | D:9      | Found a basalt altar of Yredelemnul.
  7375 | D:9      | Noticed Joseph
  7395 | D:9      | Killed Joseph
  7703 | D:9      | Found Wupot's Weapon Emporium.
  7885 | D:9      | Identified the cursed +0 double sword of Compound Interest
                  | {slice, -Tele rPois Int+8} (You found it on level 8 of the
                  | Dungeon)
  8102 | D:10     | Killed a centaur warrior
  8212 | D:11     | Reached XP level 11. HP: 90/97 MP: 0/8
  8279 | D:11     | Noticed a cyan ugly thing
  8291 | D:11     | Slain by a killer bee

Skill      XL: |  1  2  3  4  5  6  7  8  9 10 11 |
---------------+----------------------------------+-----
Shields        | 4 5 6 7 9 |  9.8
Fighting       | 4 5 6 8 9 |  9.3
Armour         | 4 5 6 7 |  7.5
Axes           | 3 4 5 6 7 |  7.4
Dodging        | 1 2 4 5 6 |  6.0
Stealth        | 1 2 |  2.3
Maces & Flails | 3 4 |  4.9
Long Blades    | 2 5 9 |  9.6
Short Blades   | 1 |  1.4

Action                   |  1- 3 |  4- 6 |  7- 9 | 10-12 || total
-------------------------+-------+-------+-------+-------++-------
Melee: War axe           |    85 |   158 |    31 |       ||   274
       Headbutt          |    13 |    21 |    81 |    57 ||   172
       Long sword        |       |       |   173 |   274 ||   447
       Flail             |       |       |    98 |       ||    98
       Dagger            |       |       |    48 |       ||    48
  Use: Potion            |     3 |     5 |     5 |     6 ||    19
       Scroll            |     1 |     7 |    12 |     6 ||    26
 Stab: Invisible         |       |     2 |       |       ||     2
       Sleeping          |       |       |     1 |     3 ||     4
  Eat: Ration            |     1 |     1 |     3 |     2 ||     7
       Chunk             |       |     2 |     1 |     2 ||     5
Armor: Scale mail        |    30 |    54 |    43 |       ||   127
       Troll leather arm |       |       |    70 |    49 ||   119
Dodge: Dodged            |    19 |    66 |   118 |   110 ||   313
Block: Shield            |    36 |    79 |   179 |   172 ||   466
       Rpst.: Long sword |       |       |    15 |    35 ||    50
